 Dungeon Sprint DCSS version 0.17-a0-1863-g715b4b0 (webtiles) character file.

893 luca467 the Basher (level 7, -4/63 HPs)
             Began as a Mummy Fighter on Sept 20, 2015.
             Was a Believer of Okawaru.
             Hit by a large rock thrown by a cyclops (20 damage)
             ... in the Dungeon (Sprint IX: "|||||||||||||||||||||||||||||").
             The game lasted 00:03:49 (544 turns).

luca467 the Basher (Mummy Fighter)                   Turns: 544, Time: 00:03:49

Health: -4/63      AC: 22    Str: 25    XL:     7   Next: 78%
Magic:  7/7        EV:  5    Int:  7    God:    Okawaru [**....]
Gold:   0          SH: 11    Dex: 11    Spells: 0 memorised, 6 levels left

rFire  x . .     SeeInvis .     h - +2 morningstar (protect)
rCold  + . .     Clarity  .     k - +0 plate armour {rN+}
rNeg   + + +     SustAt   .     c - +0 shield
rPois  ∞         Gourm    .     (no helmet)
rElec  .         Spirit   .     i - +0 cloak
rCorr  .         Warding  .     (no gloves)
rMut   .         NoTele   +     j - +0 pair of boots
MR     .....                    (no amulet)
Stlth  ..........               l - +3 ring of strength
                                m - +2 ring of protection

@: not resistant to hostile enchantments, extremely unstealthy
A: no food or potions, fire vulnerability, cold resistance 1, negative energy
resistance 3, torment resistance, unbreathing
a: Heroism, Renounce Religion


You were in the Dungeon.
You worshipped Okawaru.
Okawaru was pleased with you.
You were not hungry.

You visited 1 branch

Inventory:

Hand weapons
 a - a +0 flail
 h - a +2 morningstar of protection (weapon)
Armour
 b - a +0 scale mail
 c - a +0 shield (worn)
 i - a +0 cloak (worn)
 j - a +0 pair of boots (worn)
 k - a +0 plate armour of positive energy (worn)
Jewellery
 l - a +3 ring of strength (right hand)
 m - a +2 ring of protection (left hand)
Magical devices
 g - a wand of fire (7)
Scrolls
 d - 2 scrolls of blinking
 e - 3 scrolls of remove curse
 f - 2 scrolls of amnesia


   Skills:
 + Level 8.3 Fighting
 * Level 9.2 Maces & Flails
 + Level 7.0 Armour
 + Level 6.9 Shields


You had 6 spell levels left.
You didn't know any spells.

Dungeon Overview and Level Annotations

Branches:
Dungeon (1/1)

Altars:
Cheibriados
Dithmenos
Elyvilon
Fedhas
Gozag
Kikubaaqudgha
Makhleb
Nemelex Xobeh
Okawaru
Qazlal
Ru
Sif Muna
Trog
Vehumet
Xom
Yredelemnul
Zin
The Shining One
Beogh
Jiyva
Lugonu


Innate Abilities, Weirdness & Mutations

You do not eat or drink.
Your flesh is vulnerable to fire.
You are immune to poison.
Your flesh is cold resistant.
You are immune to negative energy.
You are immune to unholy pain and torment.
You can survive without breathing.


Message History

The hippogriff bites you but does no damage.
The hippogriff barely misses you. The hippogriff claws you.
You impale the hippogriff!!
You kill the hippogriff!
Okawaru accepts your kill.
Your Armour skill increases to level 7!
You puncture the cyclops!
The cyclops is moderately wounded.
You sock the cyclops!
The cyclops is moderately wounded.
The cyclops hits you!!
You puncture the cyclops!
The cyclops is severely wounded.
The cyclops hits you!!
* * * LOW HITPOINT WARNING * * *
The cyclops throws a large rock.
The large rock hits you but does no damage.
You see here a large rock.
The cyclops throws a large rock.
The large rock hits you!!
You die... ▓▓▓▓▓▓▓▓▓▓▓▓▓▓▓▓▓▓▓▓▓▓▓▓▓▓ ......C.(@...†.....)|.!'__ ▓▓▓▓▓▓▓▓▓▓▓▓▓▓▓▓▓▓▓▓▓▓▓▓▓▓

You could see a cyclops.

Vanquished Creatures
  2 yaks (D)
  A hungry ghost (D)
  2 hippogriffs (D)
  An ice beast (D)
  A scorpion (D)
  An orc wizard (D)
  A worker ant (D)
  3 adders (D)
  A shadow imp (D)
  A giant gecko (D)
  An orc (D)
  A bat (D)
  A bat skeleton (D)
  A goblin (D)
  A giant newt (D)
  2 rats (D)
21 creatures vanquished.

Notes
Turn   | Place    | Note
--------------------------------------------------------------
     0 | D        | luca467 the Mummy Fighter began the quest for the Orb.
     0 | D        | Reached XP level 1. HP: 18/18 MP: 1/1
    28 | D        | Noticed an ice beast
    28 | D        | Noticed a worker ant
    35 | D        | Killed a worker ant
    35 | D        | Reached skill level 4 in Fighting
    35 | D        | Reached XP level 2. HP: 7/25 MP: 2/2
    35 | D        | Reached XP level 3. HP: 8/30 MP: 3/3
    69 | D        | Killed an ice beast
    69 | D        | Reached skill level 5 in Fighting
    69 | D        | Reached skill level 5 in Maces & Flails
    69 | D        | Reached XP level 4. HP: 14/39 MP: 4/4
    73 | D        | Reached XP level 5. HP: 13/44 MP: 5/5
   302 | D        | Found a glowing silver altar of Zin.
   302 | D        | Found a glowing golden altar of the Shining One.
   302 | D        | Found an ancient bone altar of Kikubaaqudgha.
   302 | D        | Found a basalt altar of Yredelemnul.
   302 | D        | Found a shimmering altar of Xom.
   302 | D        | Found a radiant altar of Vehumet.
   303 | D        | Found an iron altar of Okawaru.
   304 | D        | Found a burning altar of Makhleb.
   305 | D        | Found a deep blue altar of Sif Muna.
   306 | D        | Found a bloodstained altar of Trog.
   307 | D        | Found a sparkling altar of Nemelex Xobeh.
   308 | D        | Found a white marble altar of Elyvilon.
   309 | D        | Found a roughly hewn altar of Beogh.
   310 | D        | Found a viscous altar of Jiyva.
   311 | D        | Became a worshipper of Warmaster Okawaru
   312 | D        | Found a corrupted altar of Lugonu.
   313 | D        | Found a blossoming altar of Fedhas.
   314 | D        | Found a snail-covered altar of Cheibriados.
   315 | D        | Found a shadowy altar of Dithmenos.
   316 | D        | Found a stormy altar of Qazlal.
   317 | D        | Found an opulent altar of Gozag.
   318 | D        | Found a sacrificial altar of Ru.
   390 | D        | Noticed a hippogriff
   390 | D        | Noticed a scorpion
   401 | D        | Killed a scorpion
   401 | D        | Reached skill level 6 in Fighting
   401 | D        | Reached skill level 5 in Armour
   401 | D        | Reached skill level 5 in Shields
   410 | D        | Killed a hippogriff
   410 | D        | Acquired Okawaru's first power
   410 | D        | Reached skill level 7 in Maces & Flails
   410 | D        | Reached XP level 6. HP: 39/53 MP: 6/6
   512 | D        | Noticed a cyclops
   512 | D        | Noticed a hippogriff
   512 | D        | Noticed a yak
   512 | D        | Noticed a hungry ghost
   512 | D        | Noticed an orc wizard
   512 | D        | Noticed a yak
   519 | D        | Killed a yak
   521 | D        | Killed an orc wizard
   521 | D        | Reached skill level 8 in Maces & Flails
   532 | D        | Killed a hungry ghost
   532 | D        | Reached XP level 7. HP: 58/61 MP: 7/7
   536 | D        | Killed a yak
   536 | D        | Reached skill level 9 in Maces & Flails
   539 | D        | Killed a hippogriff
   544 | D        | Hit by a large rock thrown by a cyclops

Vault maps used:
D:        linesprint

Action                   |  1- 3 |  4- 6 |  7- 9 || total
-------------------------+-------+-------+-------++-------
Melee: Flail             |    46 |     4 |       ||    50
       Morningstar       |       |    45 |    10 ||    55
